 Dungeon Crawl Stone Soup version 0.32-a0-468-g38b2580584 (webtiles) character file.

Game seed: 2211336685114908161

11027 Dirtsage the Severer (level 11, -3/91 HPs)
             Began as a Mountain Dwarf Fighter on Feb 24, 2024.
             Was a High Priest of Okawaru.
             Slain by a brown ugly thing (7 damage)
             ... on level 11 of the Dungeon.
             The game lasted 00:17:38 (10318 turns).

Dirtsage the Severer (Mountain Dwarf Fighter)      Turns: 10318, Time: 00:17:39

Health: -3/91      AC: 12    Str: 25    XL:     11   Next: 43%
Magic:  18/18      EV:  9    Int: 10    God:    Okawaru [*****.]
Gold:   1502       SH:  5    Dex:  9    Spells: 10/10 levels left

rFire   + . .        P - +0 broad axe
rCold   . . .        c - +0 buckler
rNeg    . . .        S - +0 fire dragon scales
rPois   .            o - +2 helmet
rElec   .            (no cloak)
rCorr   .            g - +0 pair of gloves
SInv    .            R - +0 pair of boots {Fly}
Will    ++...        (no amulet) Stlth
                     F - ring of Cifunock {Will+ Str+3}
HPRegen 0.35/turn    u - ring of ice
MPRegen 0.16/turn

%: no passive effects
@: marked, corroded, flying
A: runic magic, artefact enchanting
a: Renounce Religion, Heroism, Finesse, Duel


You were on level 11 of the Dungeon.
You worshipped Okawaru.
Okawaru was extremely pleased with you.
You visited 2 branches of the dungeon, and saw 12 of its levels.
You also visited: Bailey.

You collected 1502 gold pieces.

Inventory:

Hand Weapons
 a - a +0 war axe
 q - a +2 hand axe of electrocution
 B - a +1 flail of freezing
 M - a +2 morningstar of flaming
 O - a +1 hand axe of freezing
 P - a +0 broad axe (weapon)
Missiles
 E - a throwing net (quivered)
 L - 2 curare-tipped darts
Armour
 b - a +0 scale mail
 c - a +0 buckler (worn)
 g - a +0 pair of gloves (worn)
 o - a +2 helmet (worn)
 y - the +4 ring mail of Untold Secrets {rN++ Will-}
   (You found it on level 4 of the Dungeon)

   rN++:      It greatly protects you from negative energy.
   Will-:     It decreases your willpower.
 H - a scarf of harm
 R - a +0 pair of boots of flying (worn)
 S - +0 fire dragon scales (worn)
Jewellery
 s - a ring of fire
 u - a ring of ice (right hand)
 F - the ring of Cifunock (left hand) {Will+ Str+3}
   (You found it on level 5 of the Dungeon)

   [ring of willpower]

   Str+3:     It affects your strength (+3).
   Will+:     It increases your willpower.
Wands
 z - a wand of paralysis (11)
 A - a wand of roots (6)
 V - a wand of flame (8)
Scrolls
 h - 4 scrolls of amnesia
 i - 2 scrolls of identify
 p - 2 scrolls of fear {unknown}
 r - 2 scrolls of poison
 t - 4 scrolls of teleportation
 x - a scroll of torment {unknown}
 C - a scroll of silence {unknown}
 D - 3 scrolls of fog {unknown}
 G - 2 scrolls of revelation {unknown}
 I - a scroll of blinking {unknown}
 J - a scroll of enchant armour {unknown}
 K - 3 scrolls of immolation {unknown}
 T - a scroll of enchant weapon {unknown}
 U - a scroll of noise {unknown}
 W - a scroll of vulnerability {unknown}
Potions
 d - 3 potions of might
 e - 2 potions of lignification {unknown}
 f - 2 potions of curing {unknown}
 j - a potion of cancellation
 k - 2 potions of mutation
 l - 3 potions of heal wounds
 m - a potion of invisibility
 n - 2 potions of brilliance
 v - 3 potions of magic
 w - a potion of berserk rage
 N - a potion of haste {unknown}
 Q - 3 potions of enlightenment


   Skills:
 + Level 6.9 Fighting
 * Level 16.0 Axes
 + Level 7.0 Armour
 + Level 6.8 Shields
 * Level 9.8 Invocations


You had 10 spell levels left.
You didn't know any spells.
Your spell library contained the following spells:

 Spells                   Type           Power      Damage    Failure   Level
 Fugue of the Fallen      Necr           0%         N/A       86%         3
 Ozocubu's Armour         Ice            0%         N/A       86%         3
 Sigil of Binding         Hex            0%         N/A       86%         3
 Dimensional Bullseye     Hex/Tloc       0%         N/A       99%         4
 Manifold Assault         Tloc           0%         N/A       99%         4
 Call Canine Familiar     Summ           Unusable   N/A       N/A         3

Dungeon Overview and Level Annotations

Branches:
Dungeon (11/15)            Temple (1/1) D:6             Orc (0/2) D:9
 Bailey (visited)
   Lair: D:8-11

Altars:
Ashenzari
Cheibriados
Dithmenos
Elyvilon
Fedhas
Gozag
Hepliaklqana
Kikubaaqudgha
Makhleb
Nemelex Xobeh
Okawaru
Qazlal
Ru
Sif Muna
Trog
Uskayaw
Vehumet
Wu Jian
Xom
Yredelemnul
Zin
The Shining One

Shops:
D:3 (   D:7 :


Innate Abilities, Weirdness & Mutations

Your spellcasting is much less encumbered by armour.
You can use scrolls of enchantment on lesser artefacts.


Message History

2 orc wizards come into view.
Found a stone staircase leading down.
The orc wizard shouts!
You hear a shout! x2
The orc wizard gestures wildly while chanting.
The orc wizard flickers and vanishes!
Deactivating autopickup; reactivate with Ctrl-A.
Something tries to affect you, but you resist.
An orc wizard comes into view. It is wielding a +0 dagger.
A brown ugly thing comes into view.
The brown ugly thing gurgles horribly!
You feel like a meek peon again. The brown ugly thing bites you.
* * * LOW HITPOINT WARNING * * *
The acid corrodes you!
You are splashed with acid.
* * * LOW HITPOINT WARNING * * *
You take 11 damage, and have 16/91 hp.
As you read the scroll labelled TYSOTO VAGE, it crumbles to dust.
It is a scroll of amnesia.
You feel forgetful for a moment. The brown ugly thing misses you.
The air fills with toxic fumes!
As you read the scroll labelled IBBECRA MUBEE, it crumbles to dust.
It was a scroll of poison.
The brown ugly thing bites you but does no damage.
Okay, then.
You closely miss the brown ugly thing.
You block the brown ugly thing's attack.
You slash the brown ugly thing!
The brown ugly thing is lightly wounded.
The brown ugly thing closely misses you.
You closely miss the brown ugly thing.
The brown ugly thing is lightly wounded.
The brown ugly thing bites you.
* * * LOW HITPOINT WARNING * * *
You are splashed with acid!
* * * LOW HITPOINT WARNING * * *
You take 14 damage, and have 3/91 hp.
You slash the brown ugly thing!
The brown ugly thing is moderately wounded.
The brown ugly thing bites you!
You die...

#... #.# o#
#..##§# {.#
#..#§###.#.#.
#.§§§.......
#.#§§.[o....
#§#§##......
#§#§§.......
#§u§##.....>
#§§@# .....
#§§§# ....
##§§§§# ##.##
##§§##§# .##.#
#§§§##§##.##.#
# ##§..§§§.
..##.# ##..§§§
....
#.#§#####.#
#.#.......#


You could see a brown ugly thing.

Vanquished Creatures
  Harold (D:11)
  Erolcha (D:11)
  2 two-headed ogres
  An orc knight (Bailey)
  A gargoyle (D:10)
  Maggie (D:8)
  3 kobold demonologists (D:9)
  2 trolls
  2 hornets
  A shadow (D:10)
  A wyvern (D:8)
  10 yaks (D:10)
  3 steam dragons
  A water moccasin (D:7)
  6 orc warriors
  2 ice beasts (D:6)
  3 black bears
  3 ogres
  4 centaurs
  A phantom (D:5)
  4 kobold brigands
  4 bullfrogs
  2 scorpions
  4 wights (D:5)
  4 howler monkeys
  A bombardier beetle (D:4)
  6 hounds
  A gnoll bouda (D:5)
  2 jellies
  4 orc priests
  5 orc wizards
  3 iguanas
  4 sleepcaps
  Natasha (twice) (D:4)
  Ijyb (D:4)
  11 gnolls
  4 adders
  2 shadow imps
  2 white imps
  3 dart slugs
  A ribbon worm (D:2)
  23 orcs
  6 bats
  6 endoplasms
  A giant cockroach (D:2)
  8 hobgoblins
  12 jackals
  33 kobolds
  A quokka (D:1)
  8 ball pythons
  3 frilled lizards
  9 goblins
  6 rats
235 creatures vanquished.

Vanquished Creatures (others)
  An orc warrior (D:8)
  A meliai simulacrum (D:11)
2 creatures vanquished.

Grand Total: 237 creatures vanquished

Notes
Turn   | Place    | Note
-------+----------+-------------------------------------------
     0 | D:1      | Dirtsage the Mountain Dwarf Fighter began the quest for the
                  | Orb.
     0 | D:1      | Reached XP level 1. HP: 19/19 MP: 1/1
   278 | D:1      | Reached skill level 3 in Axes
   280 | D:1      | Reached XP level 2. HP: 21/26 MP: 2/2
   430 | D:1      | Reached skill level 4 in Axes
   496 | D:1      | Reached XP level 3. HP: 31/31 MP: 3/3
   826 | D:2      | Reached skill level 5 in Axes
   900 | D:2      | Reached XP level 4. HP: 32/38 MP: 4/4
  1669 | D:3      | Found Mina's Weapon Emporium.
  1955 | D:4      | Reached skill level 6 in Axes
  1961 | D:4      | Reached XP level 5. HP: 45/45 MP: 5/5
  2005 | D:4      | Reached skill level 7 in Axes
  2057 | D:4      | Noticed an ogre
  2097 | D:4      | Killed an ogre
  2098 | D:4      | Reached XP level 6. HP: 40/51 MP: 6/6
  2115 | D:4      | Identified the +4 ring mail of Untold Secrets {rN++ Will-}
  2196 | D:4      | Identified the blade talisman "Cabesib" {Str+8}
  2216 | D:4      | Noticed Ijyb
  2216 | D:4      | Paralysed by Ijyb for 4 turns
  2226 | D:4      | Killed Ijyb
  2227 | D:4      | Reached skill level 8 in Axes
  2371 | D:4      | Noticed Natasha
  2381 | D:4      | Killed Natasha
  2382 | D:4      | Reached skill level 9 in Axes
  2448 | D:4      | Noticed Natasha
  2457 | D:4      | Reached XP level 7. HP: 54/57 MP: 7/7
  2457 | D:4      | Killed Natasha
  2496 | D:4      | Found a glowing golden altar of the Shining One.
  2498 | D:4      | Noticed an angel
  2508 | D:4      | Found a basalt altar of Yredelemnul.
  2552 | D:5      | Entered Level 5 of the Dungeon
  2642 | D:5      | Reached skill level 10 in Axes
  2651 | D:5      | Identified the +1 shortbow of Blood-Lust {elec, ^Drain
                  | rN+++ Str+4}
  2864 | D:5      | Reached skill level 11 in Axes
  2946 | D:5      | Reached XP level 8. HP: 59/63 MP: 8/8
  3185 | D:5      | Found a broken altar of Ashenzari.
  3286 | D:5      | Found a white marble altar of Elyvilon.
  3353 | D:5      | Identified the ring of Cifunock {Will+ Str+3}
  3407 | D:5      | Found a sacrificial altar of Ru.
  4049 | D:6      | Reached skill level 12 in Axes
  4066 | D:6      | Found a staircase to the Ecumenical Temple.
  4078 | Temple   | Entered the Ecumenical Temple
  4100 | Temple   | Became a worshipper of Warmaster Okawaru
  4300 | D:6      | Reached skill level 13 in Axes
  4341 | D:6      | Reached * piety under Okawaru
  4484 | D:6      | Found a snail-covered altar of Cheibriados.
  4489 | D:6      | Reached skill level 1 in Invocations
  4602 | D:6      | Reached XP level 9. HP: 62/70 MP: 8/10
  4871 | D:7      | Found a blossoming altar of Fedhas.
  4950 | D:7      | Reached ** piety under Okawaru
  5307 | D:7      | Found an ornate altar of the Wu Jian Council.
  5335 | D:7      | Reached skill level 14 in Axes
  5568 | D:7      | Found Voduov's Book Shop.
  5945 | D:8      | Paralysed by a hornet for 2 turns
  6216 | D:8      | Noticed a two-headed ogre
  6230 | D:8      | Killed a two-headed ogre
  6230 | D:8      | Reached *** piety under Okawaru
  6231 | D:8      | Reached skill level 5 in Invocations
  6452 | D:8      | Noticed Maggie
  6462 | D:8      | Killed Maggie
  6463 | D:8      | Reached skill level 5 in Fighting
  6463 | D:8      | Reached skill level 5 in Armour
  6463 | D:8      | Reached XP level 10. HP: 50/81 MP: 11/14
  6592 | D:8      | Reached skill level 5 in Shields
  7399 | D:9      | Found a flagged portal.
  7413 | Bailey   | Entered a bailey
  7459 | Bailey   | Reached **** piety under Okawaru
  7502 | Bailey   | Reached skill level 15 in Axes
  7616 | Bailey   | Noticed an orc knight
  7632 | Bailey   | Killed an orc knight
  8814 | D:9      | Found a staircase to the Orcish Mines.
  8875 | D:9      | Noticed a two-headed ogre
  8888 | D:9      | Killed a two-headed ogre
  8991 | D:10     | Entered Level 10 of the Dungeon
  9015 | D:10     | Reached XP level 11. HP: 67/89 MP: 17/17
  9470 | D:10     | Reached ***** piety under Okawaru
 10046 | D:10     | Found a burning altar of Makhleb.
 10136 | D:11     | Noticed Erolcha
 10156 | D:11     | Killed Erolcha
 10280 | D:11     | Noticed Harold
 10290 | D:11     | Killed Harold
 10291 | D:11     | Reached skill level 16 in Axes
 10311 | D:11     | Noticed a brown ugly thing
 10317 | D:11     | HP: 3/91 [acid (8)]
 10318 | D:11     | Slain by a brown ugly thing

Illustrated notes

Levels and vault maps discovered:
D:1:      sevenhm_arrival_forest_fort_small_5, layout_basic
D:2:      layout_basic
D:3:      layout_loops_ring, serial_shops, shop
D:4:      layout_basic, grunt_temple_overflow_holy_war, uniq_natasha, uniq_ijyb
D:5:      layout_loops_ring, cheibrodos_ashenzari_chains,
          nicolae_elyvilon_temple_path, nicolae_ru_path_of_blood,
          nrook_mini_backslash, hangedman_decor_lopped, mrwooster_statue_mirror,
          chequers_big_river
D:6:      layout_gridville, lemuel_doored_altar,
          minmay_temple_entry_drinking_statues
D:7:      layout_loops_ring, mainiacjoe_overflow_boulevard,
          mainiacjoe_overflow_tiny_flanked, serial_shops, nicolae_shop_trees,
          minmay_liquid_box, chequers_serial_rivers_micro_a
D:8:      layout_gridville, uniq_maggie
D:9:      layout_loops_cross, orc_0_dummy, enter_bailey_2,
          kennysheep_generic_room_9
D:10:     layout_roguey, kennysheep_little_box
D:11:     minmay_the_grid_octo_2x2 [minmay_the_grid_octo_horde,
          minmay_the_grid_octo_focus, minmay_the_grid_octo_empty,
          minmay_the_grid_octo_prize_star], layout_loops_ring,
          dpeg_oklobed_lair, uniq_grum, uniq_erolcha, uniq_harold,
          uniq_gastronok
Temple:   nicolae_temple_figure_eight

Skill      XL: |  1  2  3  4  5  6  7  8  9 10 11 |
---------------+----------------------------------+-----
Axes           | 3 4 5 6 7 9 11 13 14 15 16 | 16.0
Invocations    | 1 6 8 9 |  9.8
Fighting       | 5 6 |  6.9
Armour         | 5 6 7 |  7.0
Shields        | 4 6 |  6.8

Action                     |  1- 3 |  4- 6 |  7- 9 | 10-12 || total
---------------------------+-------+-------+-------+-------++-------
  Melee: War axe           |   107 |    20 |       |       ||   127
         Hand axe          |       |   106 |   277 |    79 ||   462
         Broad axe         |       |       |       |   240 ||   240
 Invoke: Heroism           |       |       |     1 |     4 ||     5
    Use: Scroll            |       |       |     8 |     3 ||    11
         Potion            |       |       |     1 |     1 ||     2
 Armour: Scale mail        |    64 |    89 |   153 |    66 ||   372
         Fire dragon scale |       |       |       |   106 ||   106
  Dodge: Dodged            |    55 |    64 |    79 |    94 ||   292
  Block: Buckler           |    34 |    22 |    36 |    50 ||   142

Table legend: (Time is in decaauts)
 A = Elapsed time spent in this place.
 B = Non-inter-level travel time spent in this place.
 C = Inter-level travel time spent in this place.
 D = Time resting spent in this place.
 E = Time spent auto-exploring this place.
 F = Levels seen in this place.
 G = Mean time per level.
                   A        B        C        D        E       F      G
               +--------+--------+--------+--------+--------+-----+--------+
         Total |  10250 |   9669 |    581 |    117 |   7856 |  13 |  788.5 |
       Dungeon |   9617 |   9076 |    541 |    117 |   7485 |  11 |  874.3 |
        Temple |     42 |      2 |     40 |      0 |      0 |   1 |   42.0 |
        Bailey |    589 |    589 |      0 |      0 |    371 |   1 |  589.0 |
               +--------+--------+--------+--------+--------+-----+--------+

Top non-repeatable levels by time:
     D:5: 1259 daAuts
     D:8: 1210 daAuts
     D:7: 1166 daAuts
    D:10: 1121 daAuts
     D:9: 987 daAuts
     D:6: 859 daAuts
     D:2: 763 daAuts
     D:4: 759 daAuts
     D:1: 748 daAuts
  Bailey: 589 daAuts
     D:3: 566 daAuts
    D:11: 176 daAuts
  Temple: 42 daAuts
